 Dungeon Crawl Stone Soup version 0.23-a0-344-ge122d05 (webtiles) character file.

203 rabbit the Skirmisher (level 5, -3/34 HPs)
             Began as a Gargoyle Fighter on Oct 19, 2018.
             Slain by a gnoll (4 damage)
             ... on level 4 of the Dungeon.
             The game lasted 00:07:27 (2769 turns).

rabbit the Skirmisher (Gargoyle Fighter)            Turns: 2769, Time: 00:07:27

Health: -3/34      AC: 13    Str: 21    XL:     5   Next: 81%
Magic:  5/5        EV:  5    Int:  8    God:
Gold:   133        SH:  9    Dex:  9    Spells: 4/4 levels left

rFire    . . .     SeeInvis .   a - +0 flail
rCold    . . .     Gourm    .   c - +0 shield
rNeg     + . .     Faith    .   t - +0 chain mail
rPois    ∞         Spirit   .   (no helmet)
rElec    +         Reflect  .   (no cloak)
rCorr    .         Harm     .   (no gloves)
MR       .....                  (no boots)
Stlth    ..........             (no amulet)
HPRegen  0.11/turn              v - ring of stealth
MPRegen  0.09/turn              (no ring)

@: no status effects
A: negative energy resistance 1, electricity resistance, unbreathing,
petrification resistance, rot immunity, AC +4
a: no special abilities


You were on level 4 of the Dungeon.
You were not hungry.

You visited 1 branch of the dungeon, and saw 4 of its levels.

You collected 133 gold pieces.

Inventory:

Hand Weapons
 a - a +0 flail (weapon)
 r - a +0 lajatang
 u - a +0 arbalest
Missiles
 e - 32 arrows
 h - 155 stones (quivered)
Armour
 b - a +0 scale mail
 c - a +0 shield (worn)
 t - a +0 chain mail (worn)
Jewellery
 s - an uncursed ring of flight
 v - a ring of stealth (left hand)
Scrolls
 i - a scroll of fear {unknown}
 k - 3 scrolls of identify
 l - 3 scrolls of remove curse {unknown}
 m - a scroll of enchant weapon {unknown}
Potions
 d - a potion of might
 g - a potion of lignification {unknown}
 j - 2 potions of heal wounds {unknown}
 n - 3 potions of haste {unknown}
 o - a potion of berserk rage {unknown}
 p - 2 potions of mutation {unknown}
 q - 5 potions of curing {unknown}
Comestibles
 f - 9 rations
 w - 4 chunks of flesh


   Skills:
 * Level 4.8 Fighting
 * Level 3.6 Maces & Flails
 + Level 4.1 Armour
 + Level 4.1 Shields


You had 4 spell levels left.
You didn't know any spells.
Your spell library was empty.

Dungeon Overview and Level Annotations

Branches:
Dungeon (4/15)
 Temple: D:4-7

Altars:
Dithmenos
Yredelemnul


Innate Abilities, Weirdness & Mutations

You are resistant to torment.
Your stone body is resilient. (AC +4)
You are immune to poison.
You resist negative energy. (rN+)
You are resistant to electric shocks. (rElec)
You can survive without breathing.
You are immune to petrification.
You are immune to rotting.


Message History

The gnoll closely misses you.
The worker ant bites you but does no damage.
You hit the worker ant but do no damage.
The worker ant is almost dead.
The gnoll barely misses you.
An orc comes into view. It is wielding a +0 war axe.
The worker ant bites you but does no damage.
The gnoll hits you but does no damage.
The orc shouts!
You sock the worker ant!
You kill the worker ant!
The gnoll barely misses you. The gnoll hits you but does no damage.
You barely miss the gnoll. You block the gnoll's attack.
The gnoll hits you but does no damage.
The gnoll hits you from afar with a +0 halberd.
* * * LOW HITPOINT WARNING * * *
The gnoll hits you with a cursed +0 whip.
* * * LOW HITPOINT WARNING * * *
The gnoll hits you.
You die...

###†.# #......#
#....###..###.#
#########.........# #.#
.............####.###)#
#######......# #.....#
#.####.#####..###
#.####....##..#
#.##.gg.......#
#.##@####.#...# #.##g#
#.#...# #.##W# #.<.# #.


ow. #...# #.o #...# #... #...# .... #...# #.... ....# ###..# You could see a
phantom, a worm, 3 gnolls and 2 orcs.

Vanquished Creatures
  2 orc wizards
  A worker ant (D:4)
  An adder (D:4)
  A gnoll (D:4)
  2 oozes
  A dart slug (D:2)
  4 leopard geckos
  8 orcs
  5 giant cockroaches
  6 goblins
  6 hobgoblins
  5 jackals (D:1)
  6 kobolds
  3 quokkas
  18 bats
  7 frilled lizards
  10 rats
86 creatures vanquished.

Notes
Turn   | Place    | Note
-------+----------+-------------------------------------------
     0 | D:1      | rabbit the Gargoyle Fighter began the quest for the Orb.
     0 | D:1      | Reached XP level 1. HP: 14/14 MP: 1/1
   252 | D:1      | Reached XP level 2. HP: 19/19 MP: 2/2
   455 | D:1      | Reached XP level 3. HP: 24/24 MP: 3/3
  1109 | D:2      | Reached XP level 4. HP: 28/29 MP: 4/4
  1519 | D:2      | Found a basalt altar of Yredelemnul.
  1774 | D:2      | Found a shadowy altar of Dithmenos.
  2256 | D:3      | Reached XP level 5. HP: 16/34 MP: 5/5
  2744 | D:4      | Noticed a phantom
  2769 | D:4      | HP: 1/34 [gnoll/cursed +0 whip (2)]
  2769 | D:4      | Slain by a gnoll

Vault maps used:
D:1:      dpeg_arrival_tiny_a, minmay_tripent
D:2:      overflow_temple_1_default, marbit_many_paths, first_ration,
          bh_walls_and_bars
D:4:      minmay_diamond_boxcup, tgw_xom, uniq_grinder

Skill      XL: |  1  2  3  4  5 |
---------------+----------------+-----
Fighting       | 4 |  4.8
Maces & Flails | 3 |  3.6
Armour         | 4 |  4.1
Shields        | 4 |  4.1

Action                   |  1- 3 |  4- 6 || total
-------------------------+-------+-------++-------
Melee: Flail             |   126 |   219 ||   345
Throw: Stone             |     2 |       ||     2
  Use: Scroll            |       |     2 ||     2
  Eat: Chunk             |     1 |     6 ||     7
Armor: Scale mail        |    67 |    49 ||   116
       Chain mail        |       |   132 ||   132
Dodge: Dodged            |    48 |    62 ||   110
Block: Shield            |    78 |   132 ||   210

Table legend:
 A = Non-vault XP
 B = Vault XP
 C = Vault XP percentage of total XP
 D = Non-vault monster count
 E = Vault monster count
 F = Vault count percentage of total count
                 A         B        C        D         E       F
            +---------+---------+-------+---------+---------+-------
      Total |     285 |       6 |   2.1 |      83 |       3 |   3.5
            +---------+---------+-------+---------+---------+-------
        D:1 |      48 |       4 |   7.7 |      25 |       2 |   7.4
        D:2 |      45 |       2 |   4.3 |      26 |       1 |   3.7
        D:3 |      86 |       0 |   0.0 |      26 |       0 |   0.0
        D:4 |     106 |       0 |   0.0 |       6 |       0 |   0.0
            +---------+---------+-------+---------+---------+-------
